cohdb
Replays
Latest Replays
All Replays
Popular Replays
Top Player Replays
Match Explorer
How It Works
Community
CoH3 Stats
Reddit
Sign in to upload your games and track your stats! →
Sign in with Steam
Match 40642224
Unlisted
Match 40642224
Overview
Messages
Build Orders
End
Construct Section Command Post
Selects Canadian Shock Battlegroup
Dingo Light Scout Car
ML 3-inch Mortar Team
Infantry Section
Construct Field Infirmary
Selects Attacking Spirit
Selects Canadian Shock Section
Canadian Shock Section
Construct Platoon Command Post
Selects Incendiary Munitions
6-pounder Anti-tank Gun Team
Canadian Shock Section
Construct Company Command Post
Selects Pyrotechnics
Matilda II Heavy Tank
Selects Smoke Operation
Royal Engineer Section
CMP 15cwt Truck
Unlock M3 Grant Medium Tanks
M3 Grant Medium Tank
Canadian Shock Section
Spriggan
BooralKing
7sv7jhgu
TEA OR STH STRONGER
★HAL-9000★☠
BiGZ
Darth Wraith Bohemia Protektor
★Kartoffel★Aquiles
0
0
Comments
sign in to comment!
No comments posted yet!